 Dungeon Crawl Stone Soup version 0.18.1-47-g9310371 (webtiles) character file.

1768 Peloso the Protected (level 8, -2/71 HPs)
             Began as a Minotaur Fighter on June 19, 2016.
             Killed by divine providence
             ... invoked by an orc priest
              (16 damage)
             ... on level 6 of the Dungeon.
             The game lasted 00:11:28 (3764 turns).

Peloso the Protected (Minotaur Fighter)             Turns: 3764, Time: 00:11:28

Health: -2/71      AC: 15    Str: 22    XL:     8   Next: 80%
Magic:  7/7        EV:  8    Int:  5    God:
Gold:   256        SH: 11    Dex: 11    Spells: 0 memorised, 7 levels left

rFire  . . .     SeeInvis .     a - +0 long sword
rCold  . . .     Gourm    .     A - +2 chain mail {MR+}
rNeg   + . .     Faith    .     c - +0 shield
rPois  .         Spirit   .     (helmet restricted)
rElec  .         Dismiss  .     z - +0 cloak
rCorr  .         Reflect  .     (no gloves)
SustAt .         Harm     .     e - +0 pair of boots
MR     +....                    (no amulet)
Stlth  ..........               u - ring of positive energy
                                l - +4 ring of slaying

@: somewhat resistant to hostile enchantments, extremely unstealthy
A: retaliatory headbutt, horns 2, mutation resistance 1
a: no special abilities


You were on level 6 of the Dungeon.
You were not hungry.

You visited 1 branch of the dungeon, and saw 6 of its levels.

You collected 256 gold pieces.

Inventory:

Hand Weapons
 a - a +0 long sword (weapon)
 k - the cursed +2 dagger of Defiance {freeze, rN+ Str+6, unknown}
   (You found it on level 6 of the Dungeon)

   It has been specially enchanted to freeze those struck by it, causing extra
   injury to most foes and up to half again as much damage against particularly
   susceptible opponents.
   It can also slow down cold-blooded creatures.
   It affects your strength (+6).
   It protects you from negative energy.
   It has a curse placed upon it.
Armour
 c - a +0 shield (worn)
 e - a +0 pair of boots (worn)
 z - a +0 cloak (worn)
 A - a +2 chain mail of magic resistance (worn)
Jewellery
 l - a +4 ring of slaying (left hand)
 u - a ring of positive energy (right hand)
Wands
 s - a wand of random effects (43/48)
 t - a wand of polymorph (15/24)
Scrolls
 i - a scroll of magic mapping
 y - 3 scrolls of remove curse
 D - a scroll of identify
Potions
 d - 3 potions of might
 g - a potion of agility
 m - a potion of resistance {unknown}
 n - a potion of flight
 o - 2 potions of haste
 p - 2 potions of lignification {unknown}
 r - 3 potions of heal wounds {unknown}
 x - a potion of mutation {unknown}
 B - 2 potions of degeneration {unknown}
Comestibles
 f - 5 bread rations
 h - a slice of pizza
 j - 2 chunks of flesh
 q - 2 meat rations
 C - a beef jerky
 F - a royal jelly


   Skills:
 + Level 6.4 Fighting
 + Level 7.1 Long Blades
 + Level 8.1 Armour
 + Level 3.2 Dodging
 + Level 0.5 Stealth
 + Level 7.4 Shields


You had 7 spell levels left.
You didn't know any spells.

Dungeon Overview and Level Annotations

Branches:
Dungeon (6/15)             Temple (0/1) D:6

Altars:
Ashenzari
Cheibriados
Fedhas
Pakellas
Sif Muna
Trog
Xom
Yredelemnul


Innate Abilities, Weirdness & Mutations

You reflexively headbutt those who attack you in melee.
You have a pair of horns on your head.
You are somewhat resistant to further mutation.


Message History

The orc priest mumbles some strange prayers to Beogh against you.
Reactivating autopickup.
You feel a bit more experienced. The orc priest closely misses you.
Things that are here:
a dagger; a robe You hit the orc priest.
The orc priest is moderately wounded.
You block the orc priest's attack.
You closely miss the orc priest. Your headbutt misses the orc priest.
The orc priest is moderately wounded.
You block the orc priest's attack.
You closely miss the orc priest.
The orc priest is moderately wounded.
The orc priest hits you but does no damage.
You hit the orc priest.
The orc priest is severely wounded.
The orc priest invokes the aid of Beogh against you.
Beogh smites you!
You die...

....................#######.#####
.......................†.........
.###.#..............#######.##.#.
#.#....>.........# ####.##.#.
#.#......####..### #.........
#..............# #.........
####.###########.## #.........
......# #.# #######.#. ....(.#
#@# #.## ......# #o# #.# ....###
##o######## #.# ....# #..#.......
#.# ....# #.......... #.# #####
#.P.P...... #.# # #..>$...... ..#
### #.P.P...... ## ..#
#.......... #.


You could see an orc priest and an orc.

Vanquished Creatures
  Grinder (D:4)
  Sigmund (D:3)
  Eustachio (D:6)
  A sky beast (D:5)
  2 ogres
  An orc warrior (D:6)
  An ice beast (D:5)
  A centaur (D:6)
  A giant frog (D:6)
  A wyvern skeleton (D:6)
  A scorpion (D:6)
  A centaur zombie (D:6)
  A giant frog zombie (D:6)
  2 crimson imps (D:5)
  2 hounds (D:4)
  2 orc priests
  A centaur skeleton (D:3)
  An iguana (D:5)
  2 orc wizards
  2 worker ants (D:5)
  A hound zombie (D:3)
  4 adders
  A shadow imp (D:5)
  2 oozes
  3 worms
  8 dart slugs
  4 giant geckos
  10 orcs
  A giant cockroach (D:2)
  7 hobgoblins
  4 jackals (D:3)
  2 quokkas
  A ball python (D:2)
  9 bats
  A giant gecko skeleton (D:4)
  A giant gecko zombie (D:5)
  3 giant newts
  3 goblins
  4 kobolds
  A quokka skeleton (D:6)
  10 rats
106 creatures vanquished.

Vanquished Creatures (others)
  An orc wizard (D:6)
1 creature vanquished.

Grand Total: 107 creatures vanquished

Notes
Turn   | Place    | Note
--------------------------------------------------------------
     0 | D:1      | Peloso the Minotaur Fighter began the quest for the Orb.
     0 | D:1      | Reached XP level 1. HP: 19/19 MP: 0/0
   141 | D:1      | Reached XP level 2. HP: 15/27 MP: 1/1
   345 | D:1      | Reached skill level 4 in Armour
   716 | D:2      | Found a deep blue altar of Sif Muna.
   737 | D:2      | Found a shimmering altar of Xom.
   789 | D:2      | Reached XP level 3. HP: 19/33 MP: 2/2
   879 | D:2      | Found a bloodstained altar of Trog.
  1091 | D:2      | Reached XP level 4. HP: 36/40 MP: 3/3
  1402 | D:3      | Noticed Sigmund
  1416 | D:3      | Killed Sigmund
  1416 | D:3      | Reached skill level 5 in Armour
  1416 | D:3      | Reached skill level 1 in Dodging
  1416 | D:3      | Reached XP level 5. HP: 26/47 MP: 4/4
  1737 | D:3      | Reached XP level 6. HP: 53/53 MP: 5/5
  1824 | D:3      | Found a basalt altar of Yredelemnul.
  1855 | D:4      | Reached skill level 5 in Shields
  1868 | D:4      | Gained mutation: You are somewhat resistant to further mutation. [potion of beneficial mutation]
  1949 | D:4      | Noticed Grinder
  1968 | D:4      | Killed Grinder
  1968 | D:4      | Reached skill level 5 in Fighting
  1968 | D:4      | Reached skill level 6 in Armour
  1968 | D:4      | Reached XP level 7. HP: 30/61 MP: 6/6
  2051 | D:4      | Found a shattered altar of Ashenzari.
  2620 | D:4      | Found a blossoming altar of Fedhas.
  2840 | D:5      | Entered Level 5 of the Dungeon
  2848 | D:5      | Reached skill level 5 in Long Blades
  2957 | D:5      | Reached skill level 7 in Armour
  3004 | D:5      | Reached XP level 8. HP: 69/69 MP: 7/7
  3006 | D:5      | Found a snail-covered altar of Cheibriados.
  3436 | D:6      | Got a slimy dagger
  3457 | D:6      | Found an oddly glowing altar of Pakellas.
  3572 | D:6      | Noticed Eustachio
  3584 | D:6      | Killed Eustachio
  3689 | D:6      | Reached skill level 8 in Armour
  3726 | D:6      | Found a staircase to the Ecumenical Temple.
  3764 | D:6      | Killed from afar by an orc priest

Skill      XL: |  1  2  3  4  5  6  7  8 |
---------------+-------------------------+-----
Shields        | 4 5 6 7 |  7.4
Armour         | 4 5 6 7 8 |  8.1
Fighting       | 4 5 6 |  6.4
Long Blades    | 3 4 5 7 |  7.1
Dodging        | 1 2 3 |  3.2
Stealth        | |  0.5

Action                   |  1- 3 |  4- 6 |  7- 9 || total
-------------------------+-------+-------+-------++-------
Melee: Long sword        |    71 |    67 |   129 ||   267
       Headbutt          |    13 |     9 |    26 ||    48
       Unarmed           |       |       |     3 ||     3
  Use: Scroll            |       |     5 |     8 ||    13
       Potion            |       |     1 |     1 ||     2
  Eat: Chunk             |     1 |     2 |     6 ||     9
Armor: Scale mail        |    17 |       |       ||    17
       Chain mail        |    19 |    54 |    45 ||   118
Dodge: Dodged            |    23 |    17 |    32 ||    72
Block: Shield            |    37 |    36 |    56 ||   129
